 Dungeon Crawl Stone Soup version 0.25-a0-294-gea9b1ad (webtiles) character file.

Game seed: 6249427864438846630, levelgen mode: deterministic

2027 HungryMoth the Cudgeler (level 9, -2/67 HPs)
             Began as a Gnoll Wanderer on Dec 19, 2019.
             Was a Priest of Makhleb.
             Killed by divine providence
             ... invoked by an orc priest
              (11 damage)
             ... on level 7 of the Dungeon.
             The game lasted 00:11:12 (5909 turns).

HungryMoth the Cudgeler (Gnoll Wanderer)            Turns: 5909, Time: 00:11:13

Health: -2/67      AC:  6    Str: 15 (16) XL:     9   Next: 23%
Magic:  14/15      EV: 14    Int: 13      God:    Makhleb [***...]
Gold:   362        SH:  0    Dex: 18      Spells: 16/16 levels left

rFire    . . .     SeeInvis .   i - +4 short sword (protect)
rCold    . . .     Gourm    .   (no shield)
rNeg     . . .     Faith    .   b - +0 ring mail
rPois    .         Spirit   .   (helmet restricted)
rElec    .         Reflect  .   (no cloak)
rCorr    .         Harm     .   (no gloves)
MR       +....                  (no boots)
Stlth    +++.......             (no amulet)
HPRegen  0.61/turn              s - ring of protection from magic
MPRegen  0.14/turn              (no ring)

@: no status effects
A: distributed training, antennae 1, fangs 1, regeneration 1, strong nose
a: Minor Destruction, Lesser Servant of Makhleb, Renounce Religion


You were on level 7 of the Dungeon.
You worshipped Makhleb.
Makhleb was most pleased with you.
You were not hungry.

You visited 1 branch of the dungeon, and saw 7 of its levels.
You also visited: Sewer.

You collected 455 gold pieces.
You spent 93 gold pieces at shops.

Inventory:

Hand Weapons
 a - a +2 mace
 d - a +0 dagger
 i - a +4 short sword of protection (weapon)
Armour
 b - a +0 ring mail (worn)
Jewellery
 s - a ring of protection from magic (left hand)
 G - an uncursed ring of stealth {unknown}
 K - a +3 ring of protection {unknown}
Wands
 D - a wand of random effects (22)
Scrolls
 c - 4 scrolls of teleportation
 j - 3 scrolls of fear {unknown}
 k - 2 scrolls of immolation {unknown}
 m - 5 scrolls of identify
 n - a scroll of fog {unknown}
 p - 2 scrolls of random uselessness {unknown}
 t - 7 scrolls of remove curse
 w - 2 scrolls of magic mapping {unknown}
 y - a scroll of blinking {unknown}
 F - a scroll of noise {unknown}
 I - 3 scrolls of amnesia
 J - a scroll of vulnerability {unknown}
Potions
 o - 5 potions of degeneration
 v - 2 potions of curing
 B - 4 potions of flight
 E - a potion of resistance {unknown}
Comestibles
 f - 9 rations
 L - 2 chunks of flesh


   Skills:
 + Level 4.8 Fighting
 + Level 4.8 Short Blades
 + Level 4.0 Long Blades
 + Level 4.0 Axes
 + Level 7.7 Maces & Flails
 + Level 4.0 Polearms
 + Level 4.0 Staves
 + Level 4.0 Slings
 + Level 4.0 Bows
 + Level 4.0 Crossbows
 + Level 4.0 Throwing
 + Level 4.8 Armour
 + Level 4.8 Dodging
 + Level 5.8 Stealth
 + Level 4.8 Shields
 + Level 4.0 Unarmed Combat
 + Level 4.0 Spellcasting
 + Level 3.2 Conjurations
 + Level 3.2 Hexes
 + Level 3.2 Charms
 + Level 3.2 Summonings
 + Level 3.2 Necromancy
 + Level 3.2 Translocations
 + Level 3.2 Transmutations
 + Level 3.2 Fire Magic
 + Level 3.2 Ice Magic
 + Level 3.2 Air Magic
 + Level 3.2 Earth Magic
 + Level 3.2 Poison Magic
 + Level 4.3 Invocations
 + Level 4.0 Evocations


You had 16 spell levels left.
You didn't know any spells.
Your spell library contained the following spells:

 Spells                   Type           Power        Failure   Level  Hunger
 Animate Skeleton         Necr           N/A          10%         1    None
 Magic Dart               Conj           ##..         10%         1    None
 Pain                     Necr           ##..         10%         1    None
 Summon Small Mammal      Summ           ##..         10%         1    None
 Blink                    Tloc           N/A          16%         2    ##.....
 Call Imp                 Summ           ##......     16%         2    ##.....
 Slow                     Hex            ##......     16%         2    ##.....
 Call Canine Familiar     Summ           ##......     30%         3    ###....
 Conjure Flame            Conj/Fire      ##......     30%         3    ###....
 Mephitic Cloud           Conj/Pois/Air  ##......     30%         3    ###....
 Regeneration             Chrm/Necr      ##........   30%         3    ###....
 Summon Guardian Golem    Hex/Summ       ##......     30%         3    ###....
 Vampiric Draining        Necr           ##........   30%         3    ###....
 Animate Dead             Necr           N/A          69%         4    ####...
 Summon Ice Beast         Ice/Summ       ##......     69%         4    ####...
 Summon Lightning Spire   Summ/Air       ##......     69%         4    ####...


Dungeon Overview and Level Annotations

Branches:
Dungeon (7/15)             Temple (0/1) D:4           Sewer (visited)

Altars:
Cheibriados
Makhleb
Nemelex Xobeh
Vehumet

Shops:
D:6 (?([


Innate Abilities, Weirdness & Mutations

Your experience applies equally to all skills.
You have very sharp teeth.
Your uncanny sense of smell can sniff out nearby items.
You have a pair of small antennae on your head.
Your natural rate of healing is unusually fast.


Message History

The orc warrior hits you with a +0 halberd!
* * * LOW HITPOINT WARNING * * *
Press: ? - help, Shift-Dir - straight line, f - orc priest
Aim: an orc priest The zap hits the orc priest.
The orc priest is moderately wounded.
The orc warrior hits you with a +0 halberd!!
* * * LOW HITPOINT WARNING * * *
The orc priest closely misses you.
You don't have enough health at the moment.
You feel better. The orc priest hits you.
* * * LOW HITPOINT WARNING * * *
The orc warrior closely misses you.
You feel better. The orc priest hits you.
* * * LOW HITPOINT WARNING * * *
The orc warrior hits you but does no damage.
It was a potion of cancellation.
You feel magically purged.
The orc priest mumbles some strange prayers to Beogh against you.
Beogh smites you!
You die...

## ##.# ##...#
#.....#
......o#######
......o@(....#
.....#######.#
#.. #.# # #.#
#.# #.# # #.#
#.#######.#
#.........#


You could see an orc warrior and an orc priest.

Vanquished Creatures
  Sigmund (D:2)
  A sky beast (D:5)
  2 black bears
  An ice beast (D:7)
  3 ogres (D:5)
  A centaur (D:7)
  A bullfrog (D:6)
  3 crimson imps
  A jelly (D:5)
  2 centaur zombies (D:5)
  2 orc priests
  2 hounds
  A gnoll shaman (D:4)
  3 iron imps (D:3)
  Jessica (D:2)
  3 orc wizards
  A merfolk siren (Sewer)
  A merfolk avatar (Sewer)
  6 worker ants
  A hound skeleton (D:6)
  9 gnolls
  8 adders
  2 river rats (Sewer)
  2 shadow imps (D:5)
  3 oozes
  2 adder skeletons
  7 worms
  A dart slug (D:3)
  5 leopard geckos
  23 orcs
  6 giant cockroaches
  8 goblins
  8 hobgoblins
  6 jackals
  4 kobolds
  3 quokkas
  4 ball pythons
  5 bats
  9 frilled lizards
  29 rats
181 creatures vanquished.

Notes
Turn   | Place    | Note
-------+----------+-------------------------------------------
     0 | D:1      | HungryMoth the Gnoll Wanderer began the quest for the Orb.
     0 | D:1      | HungryMoth set off with the following items: a +2 mace, a
                  | +0 ring mail, a scroll of teleportation, a +0 dagger, a
                  | ration
     0 | D:1      | Reached XP level 1. HP: 17/17 MP: 1/1
   299 | D:1      | Reached XP level 2. HP: 23/23 MP: 2/2
   722 | D:2      | Reached XP level 3. HP: 28/28 MP: 3/3
   823 | D:2      | Reached skill level 1 in Invocations
   869 | D:2      | Noticed Jessica
   879 | D:2      | Killed Jessica
   879 | D:2      | Reached skill level 1 in Long Blades
   879 | D:2      | Reached skill level 1 in Axes
   879 | D:2      | Reached skill level 1 in Polearms
   879 | D:2      | Reached skill level 1 in Staves
   879 | D:2      | Reached skill level 1 in Slings
   879 | D:2      | Reached skill level 1 in Bows
   879 | D:2      | Reached skill level 1 in Crossbows
   879 | D:2      | Reached skill level 1 in Throwing
   879 | D:2      | Reached skill level 1 in Unarmed Combat
   879 | D:2      | Reached skill level 1 in Spellcasting
   879 | D:2      | Reached skill level 1 in Evocations
   879 | D:2      | Reached XP level 4. HP: 19/34 MP: 5/5
  1162 | D:2      | Reached skill level 1 in Conjurations
  1162 | D:2      | Reached skill level 1 in Hexes
  1162 | D:2      | Reached skill level 1 in Charms
  1162 | D:2      | Reached skill level 1 in Summonings
  1162 | D:2      | Reached skill level 1 in Necromancy
  1162 | D:2      | Reached skill level 1 in Translocations
  1162 | D:2      | Reached skill level 1 in Transmutations
  1162 | D:2      | Reached skill level 1 in Fire Magic
  1162 | D:2      | Reached skill level 1 in Ice Magic
  1162 | D:2      | Reached skill level 1 in Air Magic
  1162 | D:2      | Reached skill level 1 in Earth Magic
  1162 | D:2      | Reached skill level 1 in Poison Magic
  1187 | D:2      | Reached XP level 5. HP: 16/40 MP: 6/6
  1397 | D:2      | Noticed Sigmund
  1409 | D:2      | Killed Sigmund
  1409 | D:2      | Reached XP level 6. HP: 39/47 MP: 6/8
  1597 | D:3      | Found a burning altar of Makhleb.
  1644 | D:3      | Became a worshipper of Makhleb the Destroyer
  1794 | D:3      | Noticed a black bear
  1795 | D:3      | Killed a black bear
  1795 | D:3      | Reached XP level 7. HP: 52/52 MP: 10/10
  1949 | D:3      | Reached skill level 7 in Maces & Flails
  2109 | D:3      | Found a snail-covered altar of Cheibriados.
  2265 | D:3      | Reached * piety under Makhleb
  2778 | D:4      | Found a staircase to the Ecumenical Temple.
  2881 | D:4      | Found a radiant altar of Vehumet.
  3021 | D:4      | Reached skill level 5 in Stealth
  3530 | D:4      | Found a sparkling altar of Nemelex Xobeh.
  3590 | D:5      | Entered Level 5 of the Dungeon
  3700 | D:5      | Reached XP level 8. HP: 57/60 MP: 12/12
  3712 | D:5      | Found a glowing drain.
  3735 | Sewer    | Entered a sewer
  3792 | Sewer    | Reached ** piety under Makhleb
  4223 | D:5      | Gained mutation: You have a pair of small antennae on your
                  | head. [potion of mutation]
  4223 | D:5      | Gained mutation: Your natural rate of healing is unusually
                  | fast. [potion of mutation]
  4244 | D:5      | Reached *** piety under Makhleb
  4865 | D:6      | Found Plog's Antique Weapon Emporium.
  5102 | D:6      | Found Pamyet's Magic Scroll Boutique.
  5121 | D:6      | Bought a scroll of remove curse for 33 gold pieces
  5121 | D:6      | Bought a scroll of amnesia for 38 gold pieces
  5121 | D:6      | Bought a scroll of identify for 22 gold pieces
  5175 | D:6      | Found Quru's Armour Shop.
  5225 | D:6      | Reached XP level 9. HP: 66/66 MP: 14/14
  5346 | D:6      | Found Waurozoe's Weapon Boutique.
  5906 | D:7      | HP: 1/67 [orc warrior/+0 halberd (18)]
  5909 | D:7      | Killed from afar by an orc priest

Levels and vault maps discovered:
D:1:      shiori_arrival_oz, layout_loops_corners, serial_bayou_pond_c,
          chequers_serial_rivers_small_b, minmay_tree_intersection
D:2:      layout_rooms, uniq_jessica, uniq_sigmund
D:3:      layout_basic, kennysheep_slug_shrine, demons_altar,
          grunt_decor_resistance, minmay_misc_feat_tower
D:4:      layout_loops_ring, kennysheep_mini_moat, vehumet_crystals,
          minmay_temple_entry_drinking_statues
D:5:      layout_cave_pools, first_ration, cheibrodos_sewer_entry_sluice,
          grunt_ministairs_4
D:6:      layout_gridville, serial_shops, shop,
          nicolae_shop_temple_entry_statues_fountains,
          nicolae_shop_behind_doors, kennysheep_little_box
D:7:      layout_loops_cross, lemuel_crystal_altar

Skill      XL: |  1  2  3  4  5  6  7  8  9 |
---------------+----------------------------+-----
Invocations    | 1 2 3 4 |  4.3
Long Blades    | 1 2 3 4 |  4.0
Axes           | 1 2 3 4 |  4.0
Polearms       | 1 2 3 4 |  4.0
Staves         | 1 2 3 4 |  4.0
Slings         | 1 2 3 4 |  4.0
Bows           | 1 2 3 4 |  4.0
Crossbows      | 1 2 3 4 |  4.0
Throwing       | 1 2 3 4 |  4.0
Unarmed Combat | 1 2 3 4 |  4.0
Spellcasting   | 1 2 3 4 |  4.0
Evocations     | 1 2 3 4 |  4.0
Conjurations   | 1 2 3 |  3.2
Hexes          | 1 2 3 |  3.2
Charms         | 1 2 3 |  3.2
Summonings     | 1 2 3 |  3.2
Necromancy     | 1 2 3 |  3.2
Translocations | 1 2 3 |  3.2
Transmutations | 1 2 3 |  3.2
Fire Magic     | 1 2 3 |  3.2
Ice Magic      | 1 2 3 |  3.2
Air Magic      | 1 2 3 |  3.2
Earth Magic    | 1 2 3 |  3.2
Poison Magic   | 1 2 3 |  3.2
Fighting       | 3 4 |  4.8
Short Blades   | 3 4 |  4.8
Armour         | 3 4 |  4.8
Dodging        | 3 4 |  4.8
Shields        | 3 4 |  4.8
Maces & Flails | 7 |  7.7
Stealth        | 5 |  5.8

Action                   |  1- 3 |  4- 6 |  7- 9 || total
-------------------------+-------+-------+-------++-------
Melee: Short sword       |    65 |    91 |   570 ||   726
       Bite              |    11 |     5 |    75 ||    91
       Punch             |       |       |     5 ||     5
Invok: Minor Destruction |       |       |     2 ||     2
  Use: Potion            |       |       |     9 ||     9
 Stab: Sleeping          |     1 |     4 |    13 ||    18
       Distracted        |       |       |     1 ||     1
  Eat: Chunk             |       |     3 |    14 ||    17
Armor: Ring mail         |    28 |    20 |   261 ||   309
Dodge: Dodged            |    40 |    34 |   425 ||   499

Table legend:
 A = Non-vault XP
 B = Vault XP
 C = Vault XP percentage of total XP
 D = Non-vault monster count
 E = Vault monster count
 F = Vault count percentage of total count
                 A         B        C        D         E       F
            +---------+---------+-------+---------+---------+-------
      Total |    2231 |     665 |  23.0 |     122 |      59 |  32.6
            +---------+---------+-------+---------+---------+-------
        D:1 |      27 |       4 |  12.9 |       9 |       2 |  18.2
        D:2 |     104 |     264 |  71.7 |      23 |       2 |   8.0
        D:3 |     259 |     121 |  31.8 |      28 |       4 |  12.5
        D:4 |     274 |       0 |   0.0 |      20 |       0 |   0.0
        D:5 |     871 |     106 |  10.8 |      24 |       7 |  22.6
        D:6 |     230 |       0 |   0.0 |      11 |       0 |   0.0
        D:7 |     466 |       0 |   0.0 |       7 |       0 |   0.0
      Sewer |       0 |     170 | 100.0 |       0 |      44 | 100.0
            +---------+---------+-------+---------+---------+-------
